Arrhythmia, chaotic female vampiric Convict ------------ |..........| |<.........| #-------- ----------------------- ---+-----|-- ##..@_).....@..................... ######## ##|.@@-------- .----------- | # ###|..)| | ( #|. .| # #|[..| # #|...- # #|..... ----.------# #|....... |.....)..(-# #|...@..... |.....>...| #|...--+--... |..........######|...| ---- |.........| |...| ----------- |...| |...- |... ----- Arrhythmia the Jail-bird Experience level: 8 Strength: 16 Dexterity: 13 Constitution: 19 Intelligence: 12 Wisdom: 7 Charisma: 7 Health: 0(96) Energy: 46(46) AC: -1 Gold: 266 Moves: 3840 Your Inventory: Coins $ - 266 gold pieces Armor b - a cursed +0 striped shirt (being worn) f - an [uncursed] +3 iron skull cap [orcish helm] (being worn) h - an [uncursed] +0 hooded cloak [dwarvish] (being worn) k - an [uncursed] +0 pair of hard shoes [iron] (being worn) y - a [cursed -1] pair of riding boots [levitation] F - a [blessed] +0 elven mithril-coat (being worn) J - a [cursed +3] small shield named cursed M - an [uncursed +0] pair of jackboots [high] O - an [uncursed +0] pair of old gloves [leather] Comestibles D - an [uncursed] Hyper Futa Mare Dick named Solar Flare Scrolls m - 2 [uncursed] scrolls labeled VENZAR BORGAVVE [of identify] q - an [uncursed] scroll labeled MAPIRO MAHAMA DIROMAT [of create monster] u - a [blessed] scroll labeled READ ME [of food detection] G - an [uncursed] scroll labeled VE FORBRYDERNE [of teleportation] N - an [uncursed] scroll labeled GHOTI [of enchant weapon] Potions w - an [uncursed] dark green potion [of hallucination] I - a [cursed] clear potion [of unholy water] Rings n - an uncursed ring called Warning [of warning] H - an [uncursed] citrine ring [of hunger] Tools a - an [uncursed +0] unicorn horn Iron balls c - an [uncursed] heavy iron ball (chained to you) (weapon in hand) Spells known in the end: Name Level Category Fail Memory Your skills at the end: Fighting Skills Weapon Skills flail [Basic / Expert] sling [Basic / Skilled] Spellcasting Skills Final Attributes: You were devoutly aligned. Hunger level was 179. Your alignment was 14 / 29. Monster difficulty range was 0 - 6. Level difficulty was 5. You were immune to poison. You were immune to level-drain. You were immune to sickness. You were punished. You were telepathic. You could fly. You could survive without air. You regenerated. Your luck was zero. You are dead. Vanquished creatures: a ghost 2 small mimics a watchman a giant beetle 2 leprechauns an owlbear a werewolf a housecat a dwarf lord a white unicorn a dust vortex 3 bugbears a water nymph an orc shaman a rock piercer a rock mole a pony a fog cloud 2 yellow lights 6 gnome lords 3 gnomish wizards a black naga hatchling a little dog 3 floating eyes 7 dwarves 4 kobold lords 2 hill orcs 4 rothes a monkey a dwarf zombie 2 werejackals an acid blob 3 hobbits a large kobold 10 hobgoblins 4 giant rats 4 cave spiders 2 yellow molds 27 gnomes 3 gnome zombies 7 geckos 6 jackals 4 kobolds 5 goblins 2 sewer rats 12 grid bugs 4 bats 10 lichens 2 kobold zombies 10 newts 176 creatures vanquished. Voluntary challenges: You used a wielded weapon 1 time. You read items or engraved 1 time. You put on armor 8 times. You never genocided any monsters. You never polymorphed an object. You never changed form. You used no wishes. You wrote Elbereth's name 1 time. You encountered 2 bones levels. You never used any Sokoban shortcuts. Dungeon overview: The Dungeons of Doom: levels 1 to 6 Level 1 a long staircase Level 2 a general store, a fountain stairs to The Gnomish Mines Level 3 a general store, a fountain Level 4 a fountain Level 5 many fountains Level 6 a throne The Gnomish Mines: levels 3 to 5 Level 3 stairs to The Dungeons of Doom Level 6 <- You were here History has recorded: On T:1 you entered the Dungeons of Doom to retrieve the Amulet of Yendor! On T:108 you advanced to experience level 2. On T:241 you reached level 2 of The Dungeons of Doom. On T:298 you reached level 1 of The Gnomish Mines. On T:300 you advanced to experience level 3. On T:316 you advanced to experience level 4. On T:362 you advanced to experience level 5. On T:517 you advanced to experience level 6. On T:1248 you reached level 3 of The Dungeons of Doom. On T:1568 you advanced to experience level 7. On T:1668 you reached level 4 of The Dungeons of Doom. On T:2106 you reached level 5 of The Dungeons of Doom. On T:2464 you reached level 6 of The Dungeons of Doom. On T:2645 you advanced to experience level 8. On T:3345 you reached level 2 of The Gnomish Mines. On T:3745 you reached level 3 of The Gnomish Mines. Latest messages: The watch captain picks up a spear. [HP+1=80] [HP+1=81] [HP+1=82] The watchman throws a knife! You are almost hit by a knife. [HP+1=83] The watch captain swings her silver saber. The silver sears your flesh! The watch captain hits! The watch captain swings her silver saber. The silver sears your flesh! The watch captain hits! [HP-45=38] The watch captain swings her silver saber. The silver sears your flesh! The watch captain hits! The watch captain swings her silver saber. The silver sears your flesh! The watch captain hits! The watchman thrusts her short sword. The watchman hits! You die... Final status: Goodbye Arrhythmia the Convict... You died in The Gnomish Mines on dungeon level 5 with 6944 points, and 266 pieces of gold, after 3840 moves. You were level 8 with a maximum of 96 hit points when you died.